 Dungeon Crawl Stone Soup version 0.20.1-1-g8b1a95d (webtiles) character file.

276195 Firecrotchwizard the Executioner (level 19, -9/176 (180) HPs)
             Began as a Minotaur Berserker on Oct 30, 2017.
             Was the Champion of Trog.
             Mangled by Mennas
             ... wielding a +5 trishula of holy wrath
              (13 damage)
             ... on level 2 of the Vaults on Nov 6, 2017.
             The game lasted 01:54:23 (46599 turns).

Firecrotchwizard the Executioner (MiBe)            Turns: 46599, Time: 01:54:23

HP:   -9/176 (180)  AC: 29    Str: 30    XL:     19   Next: 57%
MP:   8/8           EV: 18    Int:  4    God:    Trog [******]
Gold: 3450          SH:  3    Dex: 17    Spells: 18/18 levels left

rFire    + + .     SeeInvis .   j - +1 battleaxe (antimagic)
rCold    + . .     Gourm    .   (shield currently unavailable)
rNeg     + + .     Faith    .   r - +0 plate armour of the Jabberwock {-Cast rF++ rN++}
rPois    +         Spirit   .   m - +2 hat {MR+}
rElec    .         Reflect  +   G - +2 cloak
rCorr    .         Harm     .   o - +2 pair of gloves
MR       +++++     NoCast   +   Y - +0 pair of boots
Stlth    ..........             R - amulet of Putargh Voti {Reflect Str+7 SH+3}
Regen    1.0/turn               I - ring of protection from magic {MR+, !d}
MPRegen  0.2/turn               t - ring "Ceavug" {rPois rC+}

@: recuperating, diseased, glowing
A: retaliatory headbutt, horns 2
}: 2/15 runes: decaying, gossamer
a: Berserk, Trog's Hand, Brothers in Arms, Burn Spellbooks, Renounce Religion


You were on level 2 of the Vaults.
You worshipped Trog.
Trog was exalted by your worship.
You were not hungry.

You visited 6 branches of the dungeon, and saw 33 of its levels.
You also visited: Sewer.

You collected 3573 gold pieces.
You spent 123 gold pieces at shops.

Inventory:

Hand Weapons
 e - a +3 executioner's axe of draining
   (Trog gifted it to you on level 4 of the Swamp)
 j - a +1 antimagic battleaxe (weapon)
   (Trog gifted it to you on level 1 of the Orcish Mines)
 p - a +1 battleaxe of flaming
   (You acquired it on level 4 of the Spider Nest)
Missiles
 U - 2 throwing nets {=f, !d}
Armour
 m - a +2 hat of magic resistance (worn)
   (You took it off Gastronok on level 1 of the Lair of Beasts)
 o - a +2 pair of gloves (worn)
   (You found it on level 3 of the Dungeon)
 r - the +0 plate armour of the Jabberwock (worn) {-Cast rF++ rN++}
   (You found it on level 1 of the Spider Nest)

   It greatly protects you from fire.
   It greatly protects you from negative energy.
   It prevents spellcasting.
 G - a +2 cloak (worn)
   (You took it off Crazy Yiuf on level 5 of the Dungeon)
 W - a +3 plate armour of poison resistance
   (You found it on level 15 of the Dungeon)
 Y - a +0 pair of boots (worn)
   (You found it on level 4 of the Lair of Beasts)
Jewellery
 b - an uncursed ring of flight {+Fly, !d}
   (You found it on level 5 of the Lair of Beasts)
 d - an uncursed ring of see invisible {sInv, !d}
   (You found it on level 12 of the Dungeon)
 i - an uncursed ring of protection from cold {rC+, !d}
   (You found it on level 9 of the Dungeon)
 s - the ring of Incredulity {rF+ rN+}
   (You acquired it on level 2 of the Swamp)

   [ring of positive energy]

   It protects you from fire.
   It protects you from negative energy.
 t - the ring "Ceavug" (right hand) {rPois rC+}
   (You found it on level 2 of the Lair of Beasts)

   [ring of protection from cold]

   It protects you from cold.
   It protects you from poison.
 I - a ring of protection from magic (left hand) {MR+, !d}
   (You found it on level 2 of the Swamp)
 R - the amulet of Putargh Voti (around neck) {Reflect Str+7 SH+3}
   (You acquired it on level 2 of the Swamp)

   [amulet of reflection]

   It shields you and reflects attacks.
   It affects your strength (+7).
   It affects your SH (+3).
 X - an uncursed ring of protection from magic {MR+, !d}
   (You found it on level 5 of the Lair of Beasts)
Wands
 l - a wand of scattershot (6/9)
   (You found it on level 10 of the Dungeon)
 n - a wand of iceblast (5/15)
   (You found it on level 2 of the Spider Nest)
 v - a wand of clouds (6/9)
   (You acquired it on level 2 of the Swamp)
 y - a wand of lightning (7/15)
   (You found it on level 4 of the Spider Nest)
 A - a wand of iceblast (6/15)
   (You found it on level 14 of the Dungeon)
 Z - a wand of enslavement (18/24)
   (You found it on level 4 of the Lair of Beasts)
Scrolls
 k - 2 scrolls of immolation {!r}
 q - 12 scrolls of remove curse
 u - 15 scrolls of teleportation
 B - 2 scrolls of holy word {!r}
 C - 6 scrolls of identify
 D - 6 scrolls of magic mapping {!r}
 M - 3 scrolls of fear
 S - 4 scrolls of summoning
 V - 4 scrolls of fog
Potions
 a - 4 potions of mutation {!q}
 g - 5 potions of lignification {!q}
 h - 2 potions of magic
 w - 8 potions of flight
 z - 3 potions of cancellation
 E - 6 potions of curing
 F - 3 potions of resistance
 H - a potion of heal wounds
 J - 3 potions of haste
 N - 3 potions of brilliance
 O - 3 potions of ambrosia
 T - 4 potions of might
Miscellaneous
 x - a box of beasts
 K - 2 phantom mirrors
Comestibles
 c - 18 bread rations {@e1}
 f - 5 meat rations {@e2}
 L - 21 royal jellies


   Skills:
 + Level 18.4 Fighting
 * Level 24.4 Axes
 + Level 18.5 Armour
 + Level 14.3 Dodging
 - Level 10.0 Evocations


You had 18 spell levels left.
You didn't know any spells.

Dungeon Overview and Level Annotations

Branches:
Dungeon (15/15)            Temple (0/1) D:5            Lair (6/6) D:9
  Swamp (4/4) Lair:3       Spider (4/4) Lair:3        Slime (0/5) Lair:6
    Orc (2/2) D:10            Elf (0/3) Orc:2        Vaults (2/5) D:13
 Depths (0/5) D:15
  Crypt: Vaults:2-3

Altars:
Ashenzari
Elyvilon
Fedhas
Hepliaklqana
Qazlal
Ru
Trog
Vehumet
Xom
Jiyva

Shops:
D:6 =%%(   D:12 (   D:13 =}[*}   Orc:2 }[[[

Portals:
Trove: D:14 (give +3 gold dragon scales)

Annotations:
Vaults:2 Mennas


Innate Abilities, Weirdness & Mutations

You reflexively headbutt those who attack you in melee.
You have a pair of horns on your head.


Message History

The deep elf archer wields an uncursed dagger.
The deep elf archer hits you but does no damage.
Mennas looks to the heavens.
Mennas misses you.
Mennas hits you with a trishula of holy wrath!
You take 11 damage, and have 88/176 hp.
Mennas blocks your attack.
You slice the deep elf archer!!
You kill the deep elf archer!
Trog accepts your kill.
Trog appreciates your killing of a magic user.
Mennas hits you with a trishula of holy wrath!
Mennas misses you.
You take 7 damage, and have 81/176 hp.
Mennas blocks your attack. Mennas hits you but does no damage. x2
Mennas blocks your attack.
Your headbutt misses Mennas. You block Mennas's attack.
Mennas hits you but does no damage. Mennas blocks your attack.
Your headbutt misses Mennas. You closely miss Mennas.
Your headbutt misses Mennas. You block Mennas's attack.
Mennas hits you with a trishula of holy wrath.
You take 5 damage, and have 76/176 hp.
You miss Mennas.
Mennas becomes audible again.
Mennas hits you but does no damage.
Mennas hits you with a trishula of holy wrath.
You take 2 damage, and have 74/176 hp.
Mennas blocks your attack.
Mennas is caught in a moment of prayer.
Mennas falters for a moment.
You slice Mennas!!
Mennas's magic leaks into the air.
Your headbutt misses Mennas.
Mennas hits you with a trishula of holy wrath!
Mennas hits you with a trishula of holy wrath.
You take 19 damage, and have 55/176 hp.
You open Mennas like a pillowcase!!!
Mennas's magic leaks into the air.
You hear a shout!
Mennas hits you with a trishula of holy wrath.
* * * LOW HITPOINT WARNING * * *
Mennas hits you with a trishula of holy wrath!
* * * LOW HITPOINT WARNING * * *
You take 14 damage, and have 41/176 hp.
Mennas blocks your attack.
Your headbutt misses Mennas.
Mennas hits you with a trishula of holy wrath.
* * * LOW HITPOINT WARNING * * *
Mennas hits you with a trishula of holy wrath.
* * * LOW HITPOINT WARNING * * *
An orc warrior comes into view.
It is wielding a short sword of freezing.
You take 5 damage, and have 36/176 hp.
Your plate armour of the Jabberwock prevents you from hitting Mennas.
You block Mennas's attack.
Mennas hits you with a trishula of holy wrath!
* * * LOW HITPOINT WARNING * * *
The orc warrior moves out of view.
You take 10 damage, and have 26/176 hp.
Your cyclops goes berserk!
Mennas hits you but does no damage. x2; Mennas falters for a moment.
Your skin crawls.
You feel resistant to hostile enchantments.
You feel somewhat more hungry.
Mennas falters for a moment.
You closely miss Mennas. Mennas completely misses you.
Mennas hits you with a trishula of holy wrath!
* * * LOW HITPOINT WARNING * * *
You take 12 damage, and have 15/176 hp.
Mennas blocks your attack.
Your headbutt misses Mennas. Mennas hits you but does no damage.
Mennas completely misses you.
You hit Mennas but do no damage. Mennas blocks your attack.
Mennas hits you but does no damage. You block Mennas's attack.
Mennas blocks your cyclops's attack.
You barely miss Mennas. You headbutt Mennas, but do no damage.
Mennas falters for a moment.
Mennas blocks your cyclops's attack.
You miss Mennas. Your headbutt misses Mennas.
Mennas hits you but does no damage. Mennas barely misses you.
Mennas blocks your attack.
Your headbutt misses Mennas. Mennas blocks your cyclops's attack.
Mennas hits you but does no damage. Mennas closely misses you.
The orc warrior hits your cyclops with a short sword of freezing!
The orc warrior freezes your cyclops.
Mennas blocks your attack. x2; Your cyclops hits the orc warrior!!
Mennas misses you. You furiously retaliate!
You headbutt Mennas, but do no damage.
Mennas hits you with a trishula of holy wrath!
* * * LOW HITPOINT WARNING * * *
The orc warrior hits your cyclops with a short sword of freezing!
The orc warrior freezes your cyclops.
You take 14 damage, and have 5/176 hp.
Mennas blocks your attack.
Your headbutt misses Mennas.
Mennas gestures frantically.
Mennas is healed somewhat.
Your cyclops hits the orc warrior but does no damage.
Mennas blocks your attack.
Your headbutt misses Mennas.
The orc warrior hits your cyclops with a short sword of freezing!
The orc warrior freezes your cyclops.
Mennas hits you with a trishula of holy wrath.
* * * LOW HITPOINT WARNING * * *
Mennas hits you but does no damage.
You take 2 damage, and have 4/176 hp.
Mennas blocks your attack.
Your cyclops hits the orc warrior!
The orc warrior dies!
Trog accepts your kill.
Mennas hits you with a trishula of holy wrath!
You die...

### #......# .. #######'#####
####'#### #.........[..
#.......# #.....###....
#.....).# #.......#....
######(#########...###.###..
................#..(..#.#....
.........)..(...#.###.#######
....[....†)C@)..#...#...#...#
............A...#.#########.#
................'.....#/#....
###########((...'...###.###..
#((...#.....#.#....
#.....#.<...#.#....
#.)...#............
#.....#########'#'#
#########.....# #(....


You could see Mennas and a friendly cyclops (berserk).

Vanquished Creatures
  Mara (Swamp:3)
  Nikola (Spider:1)
  A bone dragon (Swamp:4)
  A lich (Vaults:2)
  Gastronok (Lair:1)
  Kirke (Swamp:3)
  Donald (Swamp:3)
  Agnes (D:14)
  A frost giant (D:15)
  4 ghost moths
  3 vault wardens (Vaults:2)
  Louise (D:15)
  Aizul (Swamp:3)
  7 emperor scorpions
  An ironheart preserver (Vaults:2)
  2 very ugly things (Vaults:2)
  A stone giant (Vaults:2)
  3 entropy weavers
  Azrael (D:14)
  An ettin (Orc:1)
  5 spark wasps
  A fire dragon (D:15)
  6 ogre magi
  4 yaktaur captains
  3 ice dragons
  2 great orbs of eyes (Vaults:2)
  2 vault guards (D:13)
  17 hydras
  4 ghost crabs
  Erica (Orc:1)
  A catoblepas (Lair:6)
  3 death yaks (Lair:6)
  5 centaur warriors
  20 two-headed ogres
  A tengu warrior (D:14)
  A deep troll shaman (Lair:6)
  12 alligators
  7 death scarabs (Spider:4)
  A spectral emperor scorpion (Spider:4)
  Nergalle (Lair:4)
  7 skeletal warriors
  The ghost of Rog354 the Cleaver, a novice HOFi of Beogh (D:7)
  A sea snake (shapeshifter) (D:15)
  2 spriggan druids
  3 unseen horrors
  3 deep trolls
  A flayed ghost (D:15)
  A death drake (shapeshifter) (Vaults:2)
  12 swamp dragons
  3 spectral hydras (Swamp:4)
  A deep elf archer (Vaults:2)
  An obsidian statue (Vaults:1)
  2 lindwurms (Lair:4)
  A shambling mangrove (Swamp:3)
  2 phantasmal warriors (Swamp:4)
  2 ironbrand convokers
  4 harpies (Vaults:2)
  4 spectral wolf spiders (Spider:4)
  2 wolf spider zombies
  8 orc knights
  A wolf spider (shapeshifter) (Vaults:1)
  20 wolf spiders
  21 orb spiders
  5 manticores
  2 deep elf magi
  15 ugly things
  2 moths of wrath
  21 elephants
  6 cyclopes
  Psyche (D:12)
  8 black mambas
  4 vault sentinels
  A gargoyle (D:13)
  2 torpor snails
  18 yaktaurs
  The ghost of Mavenl the Chopper, a novice DsFi (D:5)
  19 spiny frogs
  11 komodo dragons
  3 spectral redbacks (Spider:4)
  2 freezing wraiths
  A kobold demonologist (D:15)
  15 demonic crawlers
  5 swamp worm zombies (Swamp:4)
  2 redback zombies (Spider:4)
  A rime drake (Lair:4)
  5 polar bears
  2 hydra zombies (Swamp:4)
  44 jumping spiders
  13 trolls
  A queen bee (D:11)
  16 hornets
  A spectral tarantella (Spider:4)
  9 tyrant leeches
  2 tarantella zombies (Spider:4)
  4 alligator zombies (Swamp:4)
  16 dream sheep
  Grinder (D:6)
  17 hippogriffs
  2 jumping spider zombies (Spider:4)
  4 spectral jumping spiders (Spider:4)
  10 bog bodies
  3 spectral swamp dragons (Swamp:4)
  11 blink frogs
  17 slime creatures
  A meliai zombie (D:12)
  A shadow (Swamp:1)
  A fire giant simulacrum (Vaults:1)
  Sigmund (D:5)
  49 tarantellas
  2 fire elementals (D:14)
  A human (shapeshifter) (Vaults:1)
  76 redbacks
  2 wraiths
  5 wyverns
  39 yaks
  4 basilisks
  3 steam dragons (D:9)
  A hog (Swamp:3)
  3 hungry ghosts
  12 vampire mosquitoes
  Menkaure (D:5)
  2 wargs (Orc:1)
  19 insubstantial wisps
  13 swamp worms
  A water moccasin (shapeshifter) (Vaults:2)
  7 porcupines
  A soldier ant (D:15)
  3 acid dragons
  3 hell hounds (D:14)
  Duvessa (D:5)
  13 swamp drakes
  2 black bears (Lair:6)
  Purgy (Sewer)
  19 water moccasins
  A hornet zombie (Spider:4)
  26 orc warriors
  5 sky beasts
  12 phantoms
  An eye of draining (shapeshifter) (D:14)
  4 ice beasts
  An eye of draining (D:13)
  38 ogres
  6 wolves (Lair:6)
  4 swamp dragon zombies (Swamp:4)
  2 necrophages (D:10)
  13 centaurs
  15 crocodiles
  5 boggarts (Vaults:2)
  9 big kobolds
  20 bullfrogs
  Dowan (D:5)
  A water moccasin zombie (D:11)
  A wyvern zombie (D:15)
  A wyvern skeleton (D:6)
  8 scorpions
  A human simulacrum (Vaults:2)
  27 killer bees
  10 wights
  2 howler monkeys
  4 electric eels
  2 bullfrog zombies
  6 crimson imps
  6 jellies
  3 quasits
  5 centaur zombies
  A bullfrog skeleton (D:4)
  26 orc wizards
  22 orc priests
  Crazy Yiuf (D:5)
  6 centaur skeletons
  7 hounds
  3 iguanas
  Ijyb (D:3)
  2 spectral swamp drakes (Swamp:4)
  12 worker ants
  A killer bee zombie (D:6)
  2 hound zombies
  A howler monkey zombie (D:9)
  A worker ant zombie (D:11)
  18 adders
  3 shadow imps
  4 oozes
  4 worms
  2 dart slugs
  8 leopard geckos
  103 orcs
  15 bats
  2 giant cockroaches
  8 goblins
  7 hobgoblins
  7 jackals
  4 quokkas
  3 ball pythons
  3 frilled lizards
  2 jackal skeletons (D:6)
  39 kobolds
  5 rats
  4 fungi (Lair:6)
  5 plants
1416 creatures vanquished.

Vanquished Creatures (collateral kills)
  Rupert (Lair:4)
  9 hydras
  2 vault guards (D:13)
  A two-headed ogre (Orc:2)
  A death scarab (Spider:4)
  A wolf spider zombie (Spider:4)
  A cyclops (D:13)
  3 elephants (Lair:6)
  2 spectral redbacks (Spider:4)
  A demonic crawler (Spider:4)
  2 redback zombies (Spider:4)
  5 blink frogs (Lair:6)
  2 hippogriffs
  A bog body (Swamp:1)
  3 dream sheep (Lair:4)
  A yak (Lair:6)
  2 insubstantial wisps (Swamp:4)
  A swamp worm (Swamp:1)
  An orc warrior (Vaults:2)
  A porcupine (Lair:4)
  A spectral hornet (Spider:4)
  A sky beast (D:13)
  An ogre (Orc:2)
  2 centaurs (D:13)
  4 killer bees (D:11)
  A worker ant (D:13)
51 creatures vanquished.

Vanquished Creatures (others)
  A moth of wrath (Spider:4)
  A komodo dragon (Lair:3)
  A swamp worm zombie (Swamp:4)
  A hydra zombie (Swamp:4)
  A jumping spider (Spider:3)
  A slime creature (Swamp:4)
  5 humans (Swamp:3)
  A vampire mosquito (Swamp:4)
  10 fungi
  10 plants
  10 toadstools (Lair:4)
42 creatures vanquished.

Grand Total: 1509 creatures vanquished

Notes
Turn   | Place    | Note
-------+----------+-------------------------------------------
     0 | D:1      | Firecrotchwizard the Minotaur Berserker began the quest for the Orb.
     0 | D:1      | Reached XP level 1. HP: 19/19 MP: 0/0
   379 | D:1      | Reached XP level 2. HP: 19/27 MP: 1/1
   382 | D:1      | Reached skill level 4 in Axes
  1087 | D:2      | Reached skill level 3 in Armour
  1087 | D:2      | Reached XP level 3. HP: 18/33 MP: 2/2
  1278 | D:2      | Reached ** piety under Trog
  1439 | D:2      | Reached XP level 4. HP: 40/40 MP: 3/3
  1768 | D:2      | Reached skill level 5 in Axes
  2009 | D:3      | Found a glowing drain.
  2030 | Sewer    | Entered a sewer
  2033 | Sewer    | Reached skill level 3 in Dodging
  2065 | Sewer    | Noticed Purgy
  2073 | Sewer    | Killed Purgy
  2073 | Sewer    | Reached skill level 4 in Fighting
  2073 | Sewer    | Reached XP level 5. HP: 46/46 MP: 4/4
  2250 | D:3      | Reached skill level 4 in Armour
  2299 | D:3      | Found a shattered altar of Ashenzari.
  2407 | D:3      | Reached *** piety under Trog
  2511 | D:3      | Found a blossoming altar of Fedhas.
  2511 | D:3      | Found a bloodstained altar of Trog.
  2513 | D:3      | Found a white marble altar of Elyvilon.
  2754 | D:3      | Noticed Ijyb
  2766 | D:3      | Killed Ijyb
  2766 | D:3      | Reached XP level 6. HP: 47/53 MP: 5/5
  3068 | D:4      | Reached skill level 6 in Axes
  3344 | D:4      | Reached skill level 5 in Fighting
  3370 | D:4      | Reached skill level 4 in Dodging
  3372 | D:4      | Reached XP level 7. HP: 36/61 MP: 6/6
  3672 | D:4      | Reached skill level 7 in Axes
  3835 | D:4      | Reached skill level 5 in Armour
  4330 | D:4      | Reached skill level 6 in Fighting
  4429 | D:4      | Received a gift from Trog
  4483 | D:4      | Reached **** piety under Trog
  4585 | D:5      | Entered Level 5 of the Dungeon
  4632 | D:5      | Reached skill level 8 in Axes
  4632 | D:5      | Reached XP level 8. HP: 70/70 MP: 7/7
  4680 | D:5      | Noticed Sigmund
  4692 | D:5      | Killed Sigmund
  4692 | D:5      | Reached skill level 5 in Dodging
  4856 | D:5      | Noticed Menkaure
  4864 | D:5      | Killed Menkaure
  4905 | D:5      | Reached skill level 6 in Armour
  4908 | D:5      | Reached skill level 9 in Axes
  5024 | D:5      | Noticed Mavenl's ghost (novice DsFi)
  5030 | D:5      | Killed Mavenl's ghost
  5030 | D:5      | Reached skill level 7 in Fighting
  5269 | D:5      | Found a staircase to the Ecumenical Temple.
  5274 | D:5      | Noticed Duvessa
  5274 | D:5      | Noticed Dowan
  5284 | D:5      | Killed Duvessa
  5284 | D:5      | Reached skill level 6 in Dodging
  5288 | D:5      | Killed Dowan
  5288 | D:5      | Reached XP level 9. HP: 52/79 MP: 8/8
  5501 | D:5      | Found a stormy altar of Qazlal.
  5636 | D:5      | Found a runed door.
  5856 | D:5      | Noticed Crazy Yiuf
  5861 | D:5      | Killed Crazy Yiuf
  5893 | D:6      | Found Vuommeu's Antique Weapon Boutique.
  5925 | D:6      | Reached skill level 10 in Axes
  5992 | D:6      | Found a shattered altar of Ashenzari.
  6053 | D:6      | Found Cahuir's Jewellery Shop.
  6137 | D:6      | Reached skill level 7 in Armour
  6336 | D:6      | Found Voitoi's Food Emporium.
  6419 | D:6      | Found Zadix's Food Shop.
  6651 | D:6      | Noticed Grinder
  6663 | D:6      | Killed Grinder
  6663 | D:6      | Reached skill level 8 in Fighting
  6663 | D:6      | Reached skill level 1 in Evocations
  6811 | D:7      | Reached skill level 11 in Axes
  6834 | D:7      | Found a radiant altar of Vehumet.
  6835 | D:7      | Found a hazy altar of Hepliaklqana.
  6836 | D:7      | Noticed Rog354's ghost (novice HOFi)
  6933 | D:7      | Reached skill level 2 in Evocations
  7344 | D:7      | Killed Rog354's ghost
  7344 | D:7      | Reached skill level 8 in Armour
  7344 | D:7      | Reached XP level 10. HP: 89/90 MP: 10/10
  7830 | D:7      | Reached skill level 3 in Evocations
  8099 | D:8      | Reached ***** piety under Trog
  8143 | D:8      | Reached skill level 12 in Axes
  8322 | D:8      | Reached skill level 9 in Fighting
  8713 | D:8      | Reached skill level 4 in Evocations
  8745 | D:8      | Noticed a three-headed hydra
  8751 | D:8      | Reached skill level 9 in Armour
  8752 | D:8      | Killed a five-headed hydra
  9356 | D:9      | Reached skill level 13 in Axes
  9356 | D:9      | Reached XP level 11. HP: 97/99 MP: 13/13
  9371 | D:9      | Found a staircase to the Lair.
  9685 | D:10     | Entered Level 10 of the Dungeon
  9771 | D:10     | Reached skill level 5 in Evocations
  9822 | D:10     | Received a gift from Trog
 10007 | D:10     | Noticed a two-headed ogre
 10016 | D:10     | Killed a two-headed ogre
 10016 | D:10     | Reached skill level 10 in Fighting
 10353 | D:10     | Found a staircase to the Orcish Mines.
 10408 | D:10     | Noticed a two-headed ogre
 10413 | D:10     | Killed a two-headed ogre
 10708 | D:10     | Killed an unseen horror
 10708 | D:10     | Reached skill level 10 in Armour
 11075 | Lair:1   | Entered Level 1 of the Lair of Beasts
 11180 | Lair:1   | Noticed Gastronok
 11194 | Lair:1   | Killed Gastronok
 11194 | Lair:1   | Reached skill level 14 in Axes
 11194 | Lair:1   | Reached skill level 6 in Evocations
 11715 | Lair:1   | Reached skill level 11 in Fighting
 11857 | Lair:1   | Reached XP level 12. HP: 102/110 MP: 15/15
 12531 | Lair:2   | Reached skill level 11 in Armour
 12537 | Lair:2   | Reached skill level 15 in Axes
 12788 | Lair:2   | Reached skill level 7 in Evocations
 12817 | Lair:2   | Got a clouded marble ring
 12819 | Lair:2   | Identified the ring "Ceavug" {rPois rC+} (You found it on level 2 of the Lair of Beasts)
 12855 | Lair:2   | Noticed an eight-headed hydra
 12876 | Lair:2   | Killed an eight-headed hydra
 13418 | Lair:3   | Noticed a four-headed hydra
 13429 | Lair:3   | Killed a four-headed hydra
 13602 | Lair:3   | Found a staircase to the Swamp.
 13931 | Lair:3   | Found a hole to the Spider Nest.
 14219 | Lair:3   | Reached skill level 12 in Fighting
 14791 | Lair:4   | Reached skill level 16 in Axes
 14915 | Lair:4   | Reached XP level 13. HP: 100/118 MP: 17/17
 14928 | Lair:4   | Noticed Rupert
 14934 | Lair:4   | Reached skill level 8 in Evocations
 14936 | Lair:4   | Killed Rupert
 14936 | Lair:4   | Reached skill level 12 in Armour
 15336 | Lair:4   | Received a gift from Trog
 15743 | Lair:4   | Noticed Nergalle
 15758 | Lair:4   | Killed Nergalle
 15827 | Lair:4   | Found a runed door.
 16391 | Lair:4   | Reached skill level 17 in Axes
 16857 | Lair:5   | Reached skill level 13 in Fighting
 17374 | Lair:5   | Reached skill level 9 in Evocations
 17795 | Lair:6   | Entered Level 6 of the Lair of Beasts
 18049 | Lair:6   | Reached XP level 14. HP: 117/129 MP: 6/19
 18146 | Lair:6   | Found a staircase to the Slime Pits.
 18313 | Lair:6   | Reached skill level 13 in Armour
 18467 | Lair:6   | Reached skill level 18 in Axes
 19059 | Lair:6   | HP: 24/129 [catoblepas (20)]
 19064 | Lair:6   | Received a gift from Trog
 19499 | Lair:6   | Got a warped spear
 20017 | Lair:6   | Received a gift from Trog
 21193 | D:11     | Reached skill level 10 in Evocations
 21447 | D:12     | Found Xuacrius's Antique Weapon Shop.
 21536 | D:12     | Reached skill level 14 in Fighting
 21825 | D:12     | Noticed Psyche
 21829 | D:12     | Killed Psyche
 22362 | D:13     | Received a gift from Trog
 22524 | D:13     | Found Imehor's Armour Boutique.
 22528 | D:13     | Found a viscous altar of Jiyva.
 22572 | D:13     | Found Nel Hu Amun's General Store.
 22576 | D:13     | Found Ninan's Gadget Shop.
 22578 | D:13     | Bought a scroll of recharging for 123 gold pieces
 22790 | D:13     | Found Oklucroi's Gadget Emporium.
 22799 | D:13     | Found Wuniezeh's Jewellery Shop.
 22899 | D:13     | Found a gate to the Vaults.
 22910 | D:13     | Reached skill level 19 in Axes
 22921 | D:13     | Reached skill level 14 in Armour
 22923 | D:13     | Reached skill level 7 in Dodging
 23036 | D:13     | Reached XP level 15. HP: 100/138 MP: 21/21
 23869 | D:14     | Noticed Azrael
 23901 | D:14     | Received a gift from Trog
 23905 | D:14     | Killed Azrael
 23906 | D:14     | Got a crystal battleaxe {god gift}
 23907 | D:14     | Identified the +6 battleaxe of Impeachment {elec, SInv} (Trog gifted it to you on level 14 of the Dungeon)
 24024 | D:14     | Noticed Agnes
 24038 | D:14     | Killed Agnes
 24405 | D:14     | Found a sacrificial altar of Ru.
 24796 | D:14     | Found a portal to a secret trove of treasure.
 24921 | D:15     | Entered Level 15 of the Dungeon
 25155 | D:15     | Noticed Louise
 25180 | D:15     | HP: 29/139 [Louise/bolt of lightning (37)]
 25200 | D:15     | Killed Louise
 25200 | D:15     | Reached skill level 8 in Dodging
 25215 | D:15     | HP: 32/139 [manticore (14)]
 26240 | D:15     | Found a staircase to the Depths.
 26240 | D:15     | Noticed a frost giant
 26246 | D:15     | Killed a frost giant
 26518 | D:15     | Reached skill level 15 in Fighting
 26518 | D:15     | Reached skill level 20 in Axes
 27280 | Orc:1    | Entered Level 1 of the Orcish Mines
 27289 | Orc:1    | Received a gift from Trog
 27296 | Orc:1    | Reached skill level 15 in Armour
 27296 | Orc:1    | Reached skill level 9 in Dodging
 27826 | Orc:2    | Entered Level 2 of the Orcish Mines
 28101 | Orc:2    | Found Cefaiqic's Armour Shoppe.
 28142 | Orc:2    | Received a gift from Trog
 28142 | Orc:2    | Reached XP level 16. HP: 38/149 MP: 7/22
 28145 | Orc:2    | HP: 29/149 [deep troll (13)]
 28154 | Orc:2    | Got an iridescent battleaxe {god gift}
 28392 | Orc:2    | Identified the +8 battleaxe "Gelunih" {venom, +Inv MR+} (Trog gifted it to you on level 2 of the Orcish Mines)
 28483 | Orc:2    | Found Zeton's Armour Shoppe.
 28538 | Orc:2    | Found Itirph's Antique Armour Boutique.
 28547 | Orc:2    | Found Tezxute's Gadget Emporium.
 28682 | Orc:2    | Found a staircase to the Elven Halls.
 28798 | Orc:1    | Noticed Erica
 28807 | Orc:1    | Killed Erica
 29099 | Swamp:1  | Entered Level 1 of the Swamp
 29912 | Swamp:1  | Reached skill level 10 in Dodging
 30472 | Swamp:2  | Identified 2 scrolls of acquirement
 30669 | Swamp:2  | Received a gift from Trog
 30923 | Swamp:2  | Got a shimmering granite ring
 30925 | Swamp:2  | Identified the ring of Incredulity {rF+ rN+} (You acquired it on level 2 of the Swamp)
 31007 | Swamp:2  | Reached skill level 21 in Axes
 31393 | Swamp:2  | Got a smoking steel amulet
 31394 | Swamp:2  | Identified the amulet of Putargh Voti {Reflect Str+7 SH+3} (You acquired it on level 2 of the Swamp)
 31754 | Swamp:3  | Noticed Kirke
 31771 | Swamp:3  | Killed Kirke
 31942 | Swamp:3  | Noticed Donald
 31971 | Swamp:3  | Killed Donald
 32188 | Swamp:3  | Reached skill level 16 in Armour
 32434 | Swamp:3  | Noticed Mara
 32438 | Swamp:3  | Noticed Firecrotchwizard's illusion
 32447 | Swamp:3  | HP: 54/226 [Mara/demon blade of electrocution (18)]
 32454 | Swamp:3  | HP: 45/226 [Mara (illusionary)/demon blade of electrocution (14)]
 32459 | Swamp:3  | Killed Mara
 32459 | Swamp:3  | Reached skill level 16 in Fighting
 32830 | Swamp:3  | Noticed Aizul
 33016 | Swamp:3  | Killed Aizul
 33764 | Swamp:3  | Reached skill level 11 in Dodging
 33876 | Swamp:4  | Entered Level 4 of the Swamp
 33906 | Swamp:4  | Reached XP level 17. HP: 114/158 MP: 10/23
 35084 | Swamp:4  | Paralysed by a hornet for 1 turns
 35386 | Swamp:4  | Noticed a bone dragon
 35390 | Swamp:4  | Reached ****** piety under Trog
 35396 | Swamp:4  | Received a gift from Trog
 35405 | Swamp:4  | HP: 33/159 [insubstantial wisp/static electricity (7)]
 35412 | Swamp:4  | Killed a bone dragon
 35743 | Swamp:4  | Got a decaying rune of Zot
 35852 | Swamp:3  | Reached skill level 22 in Axes
 36138 | Spider:1 | Entered Level 1 of the Spider Nest
 36138 | Spider:1 | Noticed Nikola
 36153 | Spider:1 | Killed Nikola
 36222 | Spider:1 | Got a scorched plate armour
 36233 | Spider:1 | Identified the +0 plate armour of the Jabberwock {-Cast rF++ rN++} (You found it on level 1 of the Spider Nest)
 36253 | Spider:1 | Lost intelligence.
 37058 | Spider:1 | Received a gift from Trog
 37515 | Spider:2 | Reached skill level 17 in Fighting
 37515 | Spider:2 | Reached skill level 12 in Dodging
 37539 | Spider:2 | Reached skill level 17 in Armour
 38821 | Spider:2 | Received a gift from Trog
 38962 | Spider:2 | Reached XP level 18. HP: 169/169 MP: 24/24
 40344 | Spider:4 | Entered Level 4 of the Spider Nest
 41000 | Spider:4 | Received a gift from Trog
 41001 | Spider:4 | Reached skill level 23 in Axes
 41762 | Spider:4 | Reached skill level 13 in Dodging
 42482 | Spider:4 | Received a gift from Trog
 42645 | Spider:4 | HP: 40/170 [death scarab (16)]
 42974 | Spider:4 | Got a gossamer rune of Zot
 43491 | Vaults:1 | Entered Level 1 of the Vaults
 43551 | Vaults:1 | Reached skill level 18 in Fighting
 43551 | Vaults:1 | Reached skill level 18 in Armour
 43838 | Vaults:1 | Reached XP level 19. HP: 135/178 MP: 25/25
 44662 | Vaults:1 | Found a shimmering altar of Xom.
 45124 | Vaults:1 | Reached skill level 24 in Axes
 45601 | Vaults:2 | Reached skill level 14 in Dodging
 45879 | Vaults:2 | Received a gift from Trog
 46568 | Vaults:2 | Noticed Mennas
 46585 | Vaults:2 | HP: 41/176 [Mennas/trishula of holy wrath (9)]
 46590 | Vaults:2 | HP: 15/176 [Mennas/trishula of holy wrath (13)]
 46596 | Vaults:2 | HP: 5/176 [Mennas/trishula of holy wrath (14)]
 46599 | Vaults:2 | Mangled by Mennas

Skill      XL: |  1  2  3  4  5  6  7  8  9 10 11 12 13 14 15 16 17 18 19 |
---------------+----------------------------------------------------------+-----
Axes           | 4 5 6 8 9 11 13 14 16 17 19 20 21 22 23 24 | 24.4
Armour         | 3 4 5 6 8 9 10 11 12 14 15 16 17 18 | 18.5
Dodging        | 3 4 6 7 9 11 12 13 14 | 14.3
Fighting       | 4 5 6 7 8 9 11 12 13 14 15 16 17 18 | 18.4
Evocations     | 2 4 6 7 9 10 | 10.0

Action                   |  1- 3 |  4- 6 |  7- 9 | 10-12 | 13-15 | 16-18 | 19-21 || total
-------------------------+-------+-------+-------+-------+-------+-------+-------++-------
Melee: Hand axe          |    70 |   141 |   181 |       |       |       |       ||   392
       Headbutt          |     7 |    25 |    56 |   100 |   273 |   355 |    70 ||   886
       Battleaxe         |       |       |    53 |   440 |   592 |   505 |    27 ||  1617
       War axe           |       |       |       |       |   401 |       |       ||   401
       Broad axe         |       |       |       |       |       |   105 |       ||   105
       Executioner's axe |       |       |       |       |       |   692 |   239 ||   931
Throw: Tomahawk          |    10 |    62 |    70 |   261 |   286 |       |       ||   689
       Javelin           |       |       |    62 |    14 |   110 |   153 |    15 ||   354
Invok: Berserk           |     1 |       |       |       |       |     3 |       ||     4
       Trog's Hand       |       |       |     4 |     1 |     6 |     2 |     1 ||    14
       Burn Spellbooks   |       |       |     1 |     3 |     4 |     4 |     1 ||    13
       Brothers in Arms  |       |       |       |     1 |    11 |     6 |     1 ||    19
 Abil: Evoke Flight      |       |       |       |       |       |     1 |       ||     1
Evoke: Wand              |       |       |       |     9 |    10 |    13 |       ||    32
       Phantom mirror    |       |       |       |       |     1 |       |       ||     1
       Sack of spiders   |       |       |       |       |       |     1 |       ||     1
  Use: Scroll            |       |       |     7 |    19 |     9 |    21 |     3 ||    59
       Potion            |       |       |       |       |     3 |     5 |     1 ||     9
 Stab: Held in net/web   |       |       |       |       |       |     3 |       ||     3
       Distracted        |       |       |       |       |       |     1 |       ||     1
  Eat: Chunk             |     3 |     6 |    12 |    18 |    19 |    18 |       ||    76
       Fruit             |       |       |     2 |    12 |    10 |    11 |     5 ||    40
       Royal jelly       |       |       |       |       |     2 |       |       ||     2
       Meat ration       |       |       |       |       |     4 |     7 |     1 ||    12
Armor: Animal skin       |    12 |       |       |       |       |       |       ||    12
       Scale mail        |     5 |    30 |       |       |       |       |       ||    35
       Chain mail        |       |    35 |   115 |     5 |       |       |       ||   155
       Plate armour      |       |       |       |   231 |   642 |   952 |   127 ||  1952
Dodge: Dodged            |    43 |    78 |    95 |   245 |   470 |  1063 |   175 ||  2169
Block: Other             |       |       |       |       |       |   144 |    30 ||   174
       Reflection        |       |       |       |       |       |       |     4 ||     4

Vault maps used:
D:1:      denvon_arrival_waterhouse
D:2:      minmay_misc_feat_chi
D:3:      old_standard_altar, minitemple, cheibrodos_sewer_entry_sluice,
          serial_aquarium, aquarium_bridge_island_small, aquarium_window_1,
          aquarium_window_fake, aquarium_view_2d, aquarium_view_2g,
          kennysheep_generic_room_10, uniq_ijyb
D:4:      first_bread
D:5:      lemuel_doored_altar, minmay_temple_entry_overgrown,
          uniq_crazy_yiuf_cottage, uniq_menkaure, uniq_duvessa, uniq_sigmund
D:6:      serial_shops, shop, shop_fountains, nicolae_shop_behind_doors,
          kennysheep_mini_moat, evilmike_ruin_ashenzari, uniq_grinder
D:7:      chequers_temple_overflow_statue_of_worship
D:8:      hangedman_ranch
D:9:      dpeg_oklobed_lair, serial_curves, eino_curves_04, eino_curves_02
D:10:     orc_0_dummy
D:11:     special_room
D:12:     serial_shops, shop, uniq_psyche
D:13:     lightli_vaults_fourway_checkpoint, serial_shops,
          nicolae_shop_waterfront, shop, shop, shop_fountains,
          nicolae_shop_trees, jiyva_altar_1
D:14:     nicolae_ru_awakened_eye, nicolae_trove_entry_diagonal, uniq_azrael,
          uniq_agnes
D:15:     grunt_enter_depths_snipers, minmay_misc_feat_pillars,
          minmay_evil_grid, uniq_louise
Lair:1:   st_stairs_10, guppyfry_lair_drakes, serial_bayou_shore_a,
          uniq_gastronok
Lair:2:   minivault_27
Lair:3:   minmay_guarded_unrand_snakebite, minmay_swamp_entry_worms,
          spider_nest_entry_webs, st_stairs_5
Lair:4:   gammafunk_lair_enchanted_lake, uniq_rupert, uniq_nergalle
Lair:5:   st_stairs_9, minivault_19, wad_woods_river_02, serial_bayou_pond_a
Lair:6:   grunt_lair_end_beastmaster, slime_dummy,
          nicolae_quartered_pool_medium, serial_bayou_pond_d
Swamp:1:  nicolae_swamp_orc_logging_accident
Swamp:2:  evilmike_swamp_ruin_rubble_2, st_swamp_ruins_4
Swamp:3:  hangedman_swamp_ruin_wall, swamp_pool3, infiniplex_staircase_pool_2,
          uniq_donald, uniq_aizul, uniq_mara, uniq_kirke
Swamp:4:  swamp_pestilence, swamp_pool4
Spider:1: uniq_nikola
Spider:2: spiders_nest_hornet_nest
Spider:4: floodkiller_spider_rune_tomb
Orc:1:    uniq_erica
Orc:2:    st_orc_open
Vaults:1: ontoclasm_vaults_twist, nicolae_vaults_puzzle_piece, v_misc_8,
          vaults_standard_mumra_enter_the_diamond, ontoclasm_vaults_tryst,
          hangedman_vaults_nails, nicolae_vaults_statue_guard,
          hangedman_vaults_trim, vaults_dpeg_diagonal, basic_altar
Vaults:2: nicolae_vaults_network_star, vaults_room_boxed,
          hangedman_vaults_corner_blocks, hangedman_vaults_maws, v_misc_10,
          ontoclasm_vaults_ring_large, hangedman_vaults_hard_town_square,
          v_misc_25, ontoclasm_vaults_gateway, nicolae_vaults_alarming,
          ontoclasm_vaults_ligature, nicolae_vaults_border_crossing,
          uniq_sojobo, uniq_mennas, uniq_margery
Sewer:    sewer_big_baddie

Table legend:
 A = Turns spent in this place as a percentage of turns spent in the entire game.
 B = Non-inter-level travel turns spent in this place as a percentage of non-inter-level travel turns spent in the entire game.
 C = Inter-level travel turns spent in this place as a percentage of turns spent in this place.
 D = Turns resting spent in this place as a percentage of non-inter-level travel turns spent in this place.
 E = Turns spent auto-exploring this place as a percentage of non-inter-level travel turns spent in this place.
 F = Non-inter-level travel turns spent in this place divided by the number of levels of this place that you've seen.
                   A       B       C       D       E      F
               +-------+-------+-------+-------+-------+----------------------
         Total | 100.0 | 100.0 |   0.7 |   4.7 |  10.4 | 312.2
       Dungeon |  38.7 |  38.7 |   0.8 |   3.6 |  13.4 | 273.7
          Lair |  18.6 |  18.7 |   0.6 |   4.1 |  10.0 | 330.2
         Swamp |  13.8 |  13.8 |   0.7 |   6.1 |   6.8 | 367.0
   Spider Nest |  16.9 |  17.0 |   0.4 |   7.3 |   6.0 | 450.5
  Orcish Mines |   4.4 |   4.4 |   2.1 |   2.6 |  12.1 | 231.0
        Vaults |   7.1 |   7.2 |   0.1 |   4.1 |  10.4 | 379.5
         Sewer |   0.3 |   0.3 |   0.0 |   0.0 |  13.5 |  37.0
               +-------+-------+-------+-------+-------+----------------------

Table legend:
 A = Kills in this place as a percentage of kills in entire the game.
 B = Kills by you in this place as a percentage of kills by you in the entire game.
 C = Kills by friends in this place as a percentage of kills by friends in the entire game.
 D = Other kills in this place as a percentage of other kills in the entire game.
 E = Experience gained in this place as a percentage of experience gained in the entire game.
 F = Experience gained in this place divided by the number of levels of this place that you have seen.
                   A       B       C       D       E      F
               +-------+-------+-------+-------+-------+----------------------
         Total | 100.0 | 100.0 | 100.0 | 100.0 | 100.0 | 12735.0
       Dungeon |  34.3 |  34.7 |  29.4 |   0.0 |  17.1 | 4933.9
          Lair |  15.9 |  15.1 |  39.2 |  14.3 |  15.7 | 11306.2
         Swamp |  12.6 |  12.4 |   9.8 |  57.1 |  19.1 | 20660.5
   Spider Nest |  20.1 |  20.2 |  15.7 |  28.6 |  27.8 | 30127.5
  Orcish Mines |   7.6 |   7.7 |   3.9 |   0.0 |   4.9 | 10666.5
        Vaults |   9.1 |   9.5 |   2.0 |   0.0 |  15.4 | 33258.5
         Sewer |   0.4 |   0.4 |   0.0 |   0.0 |   0.0 | 141.0
               +-------+-------+-------+-------+-------+----------------------
